 Dungeon Crawl Stone Soup version 0.31-a0-818-ge7c7cf74f0 (webtiles) character file.

Game seed: 1450833488411216248

972 Essalna the Digger (level 7, -2/51 HPs)
             Began as a Demonspawn Earth Elementalist on Sept 23, 2023.
             Slain by an orc wizard
             ... wielding a +0 dagger
              (3 damage)
             ... on level 7 of the Dungeon.
             The game lasted 00:06:07 (4493 turns).

Essalna the Digger (Demonspawn Earth Elementalist)  Turns: 4493, Time: 00:06:07

Health: -2/51      AC:  6    Str:  9    XL:     7   Next: 94%
Magic:  15/15      EV: 12    Int: 21    God:
Gold:   219        SH:  0    Dex: 13    Spells: 12/17 levels left

rFire   . . .        C - +9 short sword of an ice cave {flame, Will++ Int+3 Stlth-}
rCold   . . .        (no shield)
rNeg    . . .        a - +0 robe
rPois   .            (no helmet)
rElec   .            (no cloak)
rCorr   .            (no gloves)
SInv    .            (no boots)
Will    ++...        (no amulet)
Stlth   +            i - +4 ring of protection
HPRegen 0.28/turn    (no ring)
MPRegen 0.14/turn

%: no passive effects
@: no status effects
A: demonic magic 3, weakness stinger 2
a: no special abilities


You were on level 7 of the Dungeon.
You visited 1 branch of the dungeon, and saw 7 of its levels.

You collected 219 gold pieces.

Inventory:

Hand Weapons
 c - a +0 spear
 f - a +1 dagger of venom
 C - the +9 short sword of an ice cave (weapon) {flame, Will++ Int+3 Stlth-}
   (You found it on level 4 of the Dungeon)

   Int+3:     It affects your intelligence (+3).
   Will++:    It greatly increases your willpower.
   Stlth-:    It makes you less stealthy.
Missiles
 n - 2 throwing nets
Armour
 a - a +0 robe (worn)
Jewellery
 i - a +4 ring of protection (left hand)
 k - a +6 ring of dexterity
 m - an amulet of faith
 p - the amulet "Qiekkumaof" {Fragile rF+++ Regen+ Int-4 Dex+6}
   (You found it on level 2 of the Dungeon)

   [amulet of regeneration]

   Int-4:     It affects your intelligence (-4).
   Dex+6:     It affects your dexterity (+6).
   rF+++:     It renders you almost immune to fire.
   Regen+:    It increases your rate of health regeneration.
   Fragile:   It will be destroyed if unequipped.
 G - a ring of fire
 H - a +6 ring of dexterity
Scrolls
 d - 7 scrolls of identify {unknown}
 e - a scroll of enchant weapon {unknown}
 l - 2 scrolls of teleportation {unknown}
 q - a scroll of blinking {unknown}
 r - a scroll of noise {unknown}
 s - 4 scrolls of enchant armour {unknown}
 t - a scroll of brand weapon {unknown}
 w - 2 scrolls of poison {unknown}
 y - a scroll of immolation {unknown}
 D - 2 scrolls of amnesia {unknown}
 E - a scroll of vulnerability {unknown}
 F - a scroll of revelation {unknown}
 J - a scroll of acquirement {unknown}
Potions
 b - a potion of magic
 g - a potion of invisibility {unknown}
 h - 2 potions of might {unknown}
 j - 7 potions of curing {unknown}
 o - a potion of heal wounds {unknown}
 u - a potion of berserk rage {unknown}
 v - a potion of mutation {unknown}
 x - a potion of haste {unknown}
 z - a potion of ambrosia {unknown}
 A - a potion of brilliance {unknown}
 B - a potion of degeneration {unknown}
 I - a potion of lignification {unknown}
 K - a potion of enlightenment {unknown}
 L - a potion of resistance {unknown}


   Skills:
 + Level 2.7 Fighting
 - Level 1.7 Dodging
 - Level 1.7 Stealth
 + Level 5.5 Spellcasting
 + Level 2.7 Conjurations
 - Level 0.8 Transmutations
 + Level 5.8 Earth Magic


You had 12 spell levels left.
You knew the following spells:

 Your Spells              Type           Power      Damage    Failure   Level
a - Sandblast             Erth           60%        2d14      1%          1
b - Brom's Barrelling Bo  Conj/Erth      23%        2d4       17%         4

Your spell library contained the following spells:

 Spells                   Type           Power      Damage    Failure   Level
 Passwall                 Tmut/Erth      15%        N/A       3%          2
 Stone Arrow              Conj/Erth      46%        3d9       5%          3
 Cigotuvi's Dreadful Rot  Necr/Pois/Air  10%        N/A       16%         2
 Ignite Poison            Fire/Tmut/Pois 7%         N/A       26%         3
 Petrify                  Tmut/Erth      19%        N/A       26%         4
 Sticky Flame             Conj/Fire      11%        2d3       52%         4
 Freezing Cloud           Conj/Ice/Air   4%         6-21      89%         5
 Conjure Ball Lightning   Conj/Air       5%         3x3d6     100%        6
 Discord                  Hex            2%         N/A       100%        8
 Disjunction              Tloc           2%         N/A       100%        8
 Ignition                 Fire           2%         3d3       100%        8


Dungeon Overview and Level Annotations

Branches:
Dungeon (7/15)
 Temple: D:4-7

Altars:
Makhleb
Okawaru
Uskayaw

Shops:
D:3 [   D:5 [

Annotations:
D:4 3 runed translucent doors, Opifex's ghost, amateur OpMo


Innate Abilities, Weirdness & Mutations

Spells you cast and wands you use may paralyse nearby enemies.
You have a tail ending in a sharp stinger.


Message History

You are engulfed in a cloud of soporific spores!
You are unaffected.
You hear a shout!
Unknown command.
Unknown command.
Unknown command.
The sleepcap attacks as it pursues you! The sleepcap barely misses you.
An orc comes into view.
It is wielding a +0 dagger and wearing a +0 leather armour of cold resistance.
The sleepcap releases spores at you.
The orc priest invokes the aid of Beogh against you.
Beogh smites you! The sleepcap attacks as it pursues you!
The sleepcap barely misses you.
There is a stone staircase leading down here.
The sleepcap releases spores at you!
You are engulfed in a cloud of soporific spores!
You fall asleep.
You stop descending the stairs.
The sleepcap releases spores at you but does no damage.
Something hits you.
You wake up.
The sleepcap misses you.
The orc priest invokes the aid of Beogh against you.
Beogh smites you!
* * * LOW HITPOINT WARNING * * *
The sleepcap releases spores at you.
* * * LOW HITPOINT WARNING * * *
You are engulfed in a cloud of soporific spores!
You are unaffected.
You climb downwards.
Reactivating autopickup.
There is a stone staircase leading up here.
Hit: C) +9 short sword of an ice cave {flame, Will++ Int+3 Stlth-}
Press: ? - help, Dir - move target, f - sleepcap
Aim: a sleepcap (moderately damaged, about 2% to evade the +9 short sword of an ice cave)
You hit the sleepcap. You burn the sleepcap.
The sleepcap is heavily damaged.
Something hits you.
* * * LOW HITPOINT WARNING * * *
Deactivating autopickup; reactivate with Ctrl-A.
The sleepcap releases spores at you but does no damage.
Something hits you.
You die...

####
...
##{#
#@.#
#.f#
#..#
#..#
#..#
#..#
#..#
#..#


You could see a sleepcap.

Vanquished Creatures
  2 water moccasins
  A centaur (D:6)
  A scorpion (D:4)
  5 hounds (D:5)
  2 orc priests (D:3)
  A jelly (D:5)
  3 iguanas
  An orc wizard (D:3)
  7 adders
  9 gnolls
  A white imp (D:4)
  An ufetubus (D:4)
  4 dart slugs
  14 orcs
  9 bats
  11 endoplasms
  4 giant cockroaches
  5 goblins
  5 hobgoblins
  5 jackals
  7 kobolds
  5 quokkas
  11 ball pythons
  3 frilled lizards
  6 rats
123 creatures vanquished.

Notes
Turn   | Place    | Note
-------+----------+-------------------------------------------
     0 | D:1      | Essalna the Demonspawn Earth Elementalist began the quest
                  | for the Orb.
     0 | D:1      | Reached XP level 1. HP: 13/13 MP: 3/3
   219 | D:1      | Gained mutation: Spells you cast may paralyse adjacent
                  | enemies. [demonic ancestry]
   219 | D:1      | Reached XP level 2. HP: 19/19 MP: 3/5
   517 | D:1      | Found a faded altar of an unknown god.
   967 | D:2      | Gained mutation: Spells you cast may paralyse nearby
                  | enemies. [demonic ancestry]
   967 | D:2      | Reached XP level 3. HP: 24/24 MP: 1/7
  1394 | D:2      | Gained mutation: Spells you cast and wands you use may
                  | paralyse nearby enemies. [demonic ancestry]
  1394 | D:2      | Reached XP level 4. HP: 4/30 MP: 1/8
  1674 | D:2      | Identified the amulet "Qiekkumaof" {Fragile rF+++ Regen+
                  | Int-4 Dex+6}
  2113 | D:3      | Gained mutation: You have a small tail. [demonic ancestry]
  2113 | D:3      | Reached XP level 5. HP: 19/35 MP: 8/10
  2194 | D:3      | Found a hide-covered altar of Uskayaw.
  2349 | D:3      | Found Koxzales's Antique Armour Emporium.
  2446 | D:3      | Found an iron altar of Okawaru.
  2749 | D:4      | Reached XP level 6. HP: 28/41 MP: 6/12
  2960 | D:4      | Reached skill level 5 in Earth Magic
  3347 | D:4      | Found a runed translucent gate.
  3347 | D:4      | Found a runed translucent gate.
  3347 | D:4      | Found a runed translucent gate.
  3351 | D:4      | Noticed Opifex's ghost (amateur OpMo)
  3352 | D:4      | Identified the +8 whip "Zofus" {flame, rC- Dex+4}
  3357 | D:4      | Identified the +8 chain mail of Agnosticism {rF+ Int-4
                  | Dex+2 Stlth+}
  3357 | D:4      | Noticed an orc warrior
  3429 | D:4      | Learned a level 4 spell: Brom's Barrelling Boulder
  3466 | D:4      | Identified the +9 short sword of an ice cave {flame, Will++
                  | Int+3 Stlth-}
  3746 | D:5      | Entered Level 5 of the Dungeon
  3830 | D:5      | Reached skill level 1 in Conjurations
  3930 | D:5      | Reached skill level 1 in Fighting
  3930 | D:5      | Gained mutation: You have a tail ending in a sharp stinger.
                  | [demonic ancestry]
  3930 | D:5      | Reached XP level 7. HP: 48/48 MP: 11/14
  3988 | D:5      | Found a burning altar of Makhleb.
  3990 | D:5      | Reached skill level 5 in Spellcasting
  4042 | D:5      | Found Yriraid's Armour Emporium.
  4490 | D:6      | HP: 1/51 [sleepcap (5)]
  4493 | D:7      | Slain by an orc wizard

Illustrated notes

Levels and vault maps discovered:
D:1:      dpeg_arrival_ternary, layout_loops_ring, basic_ecumenical_altar,
          minivault_25, serial_bayou_pond_b
D:2:      minmay_diamond_boxcup, layout_loops_ring, minmay_snake_closets
D:3:      layout_loops_ring, nicolae_uskayaw_murder_on_the_dancefloor,
          okawaru_trees_1, serial_shops, shop_fountains,
          corexii_leaking_fountain
D:4:      layout_basic, mainiacjoe_overflow_six_doors_small, tgw_xom,
          biasface_ghost_orc_armoury
D:5:      layout_rooms, nicolae_overflow_crystal_walls,
          overflow_temple_1_default, serial_shops, shop,
          hangedman_minor_gate_pass
D:6:      minmay_angry_zag, layout_basic, nemelex_diamond_rough_becter,
          kiku_gazebo_pond_becter
D:7:      layout_basic, nicolae_yredelemnul_corpse_copse,
          minmay_temple_entry_stoned_glass

Skill      XL: |  1  2  3  4  5  6  7 |
---------------+----------------------+-----
Earth Magic    | 3 4 5 |  5.8
Spellcasting   | 3 4 5 |  5.5
Conjurations   | 1 2 |  2.7
Fighting       | 1 2 |  2.7
Dodging        | |  1.7
Stealth        | |  1.7
Transmutations | |  0.8

Action                     |  1- 3 |  4- 6 |  7- 9 || total
---------------------------+-------+-------+-------++-------
  Melee: Spear             |     9 |       |       ||     9
         Dagger            |    44 |    19 |       ||    63
         Punch             |     1 |       |     1 ||     2
         Short sword       |       |     5 |    39 ||    44
         Tailslap          |       |       |     3 ||     3
   Cast: Sandblast         |    35 |   100 |     8 ||   143
   Stab: Sleeping          |     3 |     4 |       ||     7
         Paralysed         |     3 |     4 |       ||     7
 Armour: Robe              |    23 |    27 |    46 ||    96
  Dodge: Dodged            |    31 |    22 |    34 ||    87

Table legend: (Time is in decaauts)
 A = Elapsed time spent in this place.
 B = Non-inter-level travel time spent in this place.
 C = Inter-level travel time spent in this place.
 D = Time resting spent in this place.
 E = Time spent auto-exploring this place.
 F = Levels seen in this place.
 G = Mean time per level.
                   A        B        C        D        E       F      G
               +--------+--------+--------+--------+--------+-----+--------+
         Total |   4564 |   4500 |     64 |      0 |   3793 |   7 |  652.0 |
       Dungeon |   4564 |   4500 |     64 |      0 |   3793 |   7 |  652.0 |
               +--------+--------+--------+--------+--------+-----+--------+

Top non-repeatable levels by time:
     D:2: 1229 daAuts
     D:4: 1020 daAuts
     D:1: 849 daAuts
     D:3: 708 daAuts
     D:5: 393 daAuts
     D:6: 360 daAuts
     D:7: 1 daAuts
